 Dungeon Crawl Stone Soup version 0.17.1-2-g5865329 (webtiles) character file.

180 namelastname112 the Cudgeler (level 5, -1/63 HPs)
             Began as a Formicid Chaos Knight on Jan 18, 2016.
             Slain by a worm (3 damage)
             ... on level 3 of the Dungeon.
             The game lasted 00:03:44 (1839 turns).

namelastname112 the Cudgeler (FoCK)                 Turns: 1839, Time: 00:03:44

Health: -1/63      AC: 22    Str: 18    XL:     5   Next: 91%
Magic:  5/5        EV:  2    Int: 11    God:    Xom [......]
Gold:   94         SH:  0    Dex: 10    Spells: 0 memorised, 4 levels left

rFire  . . .     SeeInvis .     (no weapon)
rCold  . . .     Clarity  .     (armour currently unavailable)
rNeg   + + +     SustAt   .     (no shield)
rPois  +         Gourm    .     (helmet unavailable)
rElec  .         Spirit   .     (cloak currently unavailable)
rCorr  .         Warding  .     (gloves currently unavailable)
rMut   .         Stasis   +     (boots currently unavailable)
MR     .....                    (no amulet)
Stlth  +.........               (no ring)
                                (no ring)

@: tree-form, not resistant to hostile enchantments, very unstealthy
A: permanent stasis, dig shafts and tunnels, four strong arms, (antennae 0),
sense surroundings 1
a: Renounce Religion


You were on level 3 of the Dungeon.
You worshipped Xom.
You were a very special plaything of Xom.
You were very hungry.
You were a tree.
You visited 1 branch of the dungeon, and saw 3 of its levels.

You collected 94 gold pieces.

Inventory:

Hand Weapons
 a - a +0 mace of chaos
Armour
 b - a +2 leather armour (melded)
Scrolls
 e - 2 scrolls of amnesia {unknown}
 g - a scroll of teleportation {unknown}
 h - a scroll of blinking {unknown}
 k - 2 scrolls of enchant weapon {unknown}
 n - 3 scrolls of remove curse {unknown}
 p - 2 scrolls of identify {unknown}
Comestibles
 c - a bread ration
 f - 4 meat rations
 j - 2 beef jerkies
 m - a slice of pizza


   Skills:
 + Level 4.0 Fighting
 * Level 4.2 Maces & Flails
 + Level 3.6 Armour
 + Level 2.3 Dodging


You had 4 spell levels left.
You didn't know any spells.

Dungeon Overview and Level Annotations

Branches:
Dungeon (3/15)

Altars:
Cheibriados
Dithmenos
Elyvilon
Gozag

Annotations:
D:3 Uhlv's ghost, amateur CeWr


Innate Abilities, Weirdness & Mutations

You are under a permanent stasis effect.
You can dig through walls and to a lower floor.
Your four strong arms can wield two-handed weapons with a shield.
((You have a pair of large antennae on your head (SInv).))
You passively map a small area around you.


Message History

Really attack barehanded?
You hit Uhlv's ghost but do no damage.
Uhlv's ghost is lightly damaged.
Uhlv's ghost hits you but does no damage.
The kobold hits you.
* * * LOW HITPOINT WARNING * * *
You hit Uhlv's ghost.
Uhlv's ghost is lightly damaged.
Uhlv's ghost disappears!
The kobold hits you.
* * * LOW HITPOINT WARNING * * *
You hit the worm.
The worm is lightly wounded.
The kobold hits you but does no damage.
You hit the kobold.
The kobold is almost dead.
The worm bites you but does no damage. The kobold hits you but does no damage.
You hit the worm.
The worm is moderately wounded.
The kobold hits you but does no damage. The worm bites you.
You die...

#.?...# #
#.....##.#... ,
, #............
####.....#####..
#........!......
*
#.##.....#######
#.. #.§..<#
###..##w#.### *
, ......K♣#.#
###..####.# #.#
#., #.# #.# # ,
#.# #.### , ,
#.# #...# ,* #.#
#.#.# #.# ##.#.#
* *
#.#########....#
, ,
#...............


You could see a worm and a kobold.

Vanquished Creatures
  6 adders
  A worm (D:3)
  3 orcs (D:3)
  3 bats
  3 giant cockroaches (D:2)
  6 hobgoblins
  2 quokkas (D:3)
  A giant gecko (D:3)
  2 giant newts
  4 goblins
  5 kobolds
  5 rats
41 creatures vanquished.

Vanquished Creatures (collateral kills)
  Sigmund (D:2)
  A rat (D:2)
2 creatures vanquished.

Grand Total: 43 creatures vanquished

Notes
Turn   | Place    | Note
--------------------------------------------------------------
     0 | D:1      | namelastname112 the Formicid Chaos Knight began the quest for the Orb.
     0 | D:1      | Reached XP level 1. HP: 18/18 MP: 1/1
    42 | D:1      | Reached skill level 1 in Dodging
   186 | D:1      | XOM: silly message
   217 | D:1      | Reached XP level 2. HP: 24/24 MP: 2/2
   261 | D:1      | XOM: silly message
   321 | D:1      | XOM: harmless Hex miscast
   782 | D:2      | Reached XP level 3. HP: 24/29 MP: 3/3
   925 | D:2      | XOM: noise
  1180 | D:2      | XOM: god gift: 37 gold pieces
  1206 | D:2      | Noticed Sigmund
  1216 | D:2      | Killed Sigmund
  1216 | D:2      | Reached skill level 4 in Maces & Flails
  1216 | D:2      | Reached XP level 4. HP: 24/37 MP: 4/4
  1216 | D:2      | Reached XP level 5. HP: 27/42 MP: 5/5
  1254 | D:2      | Found a shadowy altar of Dithmenos.
  1549 | D:2      | Found a snail-covered altar of Cheibriados.
  1549 | D:2      | Found a white marble altar of Elyvilon.
  1604 | D:2      | XOM: give mutations
  1604 | D:2      | Gained mutation: You are weak. (Str -2) [Xom's mischief]
  1604 | D:2      | Gained mutation: Scrolls take you a little longer to read. [Xom's mischief]
  1604 | D:2      | Gained mutation: You are agile. (Dex +2) [Xom's mischief]
  1604 | D:2      | Gained mutation: You passively map a small area around you. [Xom's mischief]
  1659 | D:3      | Found an opulent altar of Gozag.
  1802 | D:3      | XOM: smoke on damage
  1805 | D:3      | XOM: enchant monster (good)
  1820 | D:3      | Noticed Uhlv's ghost (amateur CeWr)
  1824 | D:3      | Lost mutation: You are agile. (Dex +2) [potion of cure mutation]
  1824 | D:3      | Lost mutation: You are weak. (Str -2) [potion of cure mutation]
  1824 | D:3      | Lost mutation: Scrolls take you a little longer to read. [potion of cure mutation]
  1828 | D:3      | HP: 2/42 [Uhlv's ghost (9)]
  1829 | D:3      | XOM: potion effect (curing)
  1829 | D:3      | XOM: smoke on damage
  1836 | D:3      | HP: 2/63 [kobold (2)]
  1839 | D:3      | Slain by a worm

Action                   |  1- 3 |  4- 6 || total
-------------------------+-------+-------++-------
Melee: Mace              |    68 |    64 ||   132
       Unarmed           |       |     5 ||     5
  Use: Potion            |     1 |     6 ||     7
  Eat: Chunk             |     1 |     1 ||     2
